[Event "Silver Lake Open-A 2019"]
[Site "Veliko Gradiste"]
[Date "2019.06.22"]
[Round "8.10"]
[White "Avalyan, Artur"]
[Black "Van Dael, Siem"]
[Result "0-1"]
[ECO "A01"]
[WhiteElo "2385"]
[BlackElo "2290"]
[Annotator "ChessBase"]
[PlyCount "132"]
[EventDate "2019.06.16"]
[EventType "swiss"]
[EventCountry "SRB"]
[SourceTitle "playchess.com"]
[Source "ChessBase"]
[SourceQuality "1"]
[TimeControl "40/5400+30:900+30"]

1. b3 Nf6 2. Bb2 g6 3. g3 Bg7 4. Bg2 d6 5. e3 O-O 6. Ne2 e5 7. O-O Nbd7 8. d3 c6 9. Nd2 Re8 10. c4 h5 11. h3 Nf8 12. Rc1 Bd7 13. Ba3 Be6 14. Ne4 d5 15. Nxf6+ Bxf6 16. cxd5 Bxd5 17. e4 Be6 18. Qc2 Qd7 19. Kh2 h4 20. Rcd1 Rad8 21. gxh4 Bxh4 22. f4 exf4 23. Nxf4 Qc7 24. Kh1 Bg5 25. Bc1 Qe7 26. d4 Bc8 27. d5 Bf6 28. Qf2 Be5 29. Nd3 Bg7 30. Bf4 cxd5 31. exd5 b6 32. Qg3 Bb7 33. Bg5 Qd6 34. Qh4 Rd7 35. Nb4 a5 36. Nc6 Bxc6 37. Bf4 Qxd5 38. Rxd5 Bxd5 39. Bxd5 Rxd5 40. Qf2 Rf5 41. Qg2 Bd4 42. Bg5 Rxf1+ 43. Qxf1 Bc3 44. Qc4 Re1+ 45. Kg2 Be5 46. Kf2 Ra1 47. Qe2 Bg7 48. Be3 Nd7 49. Qd2 Nf6 50. Kf3 Rf1+ 51. Kg2 Rf5 52. Bxb6 Nd5 53. Bxa5 Nf4+ 54. Kh2 Be5 55. Bc3 Ne2+ 56. Kg2 Nxc3 57. a4 Ne4 58. Qd8+ Kg7 59. Qd5 Rf2+ 60. Kh1 Ng3+ 61. Kg1 Re2 62. a5 Nf5 63. Qf3 Ra2 64. Qa8 Bh2+ 65. Kf1 Ne3+ 66. Ke1 Bg3# 0-1

[Event "Silver Lake Open-A 2019"]
[Site "Veliko Gradiste"]
[Date "2019.06.23"]
[Round "9.1"]
[White "Savic, Miodrag R"]
[Black "Radovanovic, Mihajlo"]
[Result "0-1"]
[ECO "B06"]
[WhiteElo "2503"]
[BlackElo "2483"]
[Annotator "ChessBase"]
[PlyCount "84"]
[EventDate "2019.06.16"]
[EventType "swiss"]
[EventCountry "SRB"]
[SourceTitle "playchess.com"]
[Source "ChessBase"]
[SourceQuality "1"]
[TimeControl "40/5400+30:900+30"]

1. e4 d6 2. d4 g6 3. Nc3 Bg7 4. Be3 a6 5. Qd2 Nd7 6. a4 b6 7. Bc4 Bb7 8. f3 e6 9. Nge2 Qh4+ 10. Bf2 Qe7 11. O-O Ngf6 12. Rae1 O-O 13. Bh4 Nxe4 14. Qf4 Nef6 15. Bg5 Rfe8 16. Ne4 e5 17. Qh4 d5 18. Nxf6+ Bxf6 19. Bxf6 Qxf6 20. Qxf6 Nxf6 21. Ba2 exd4 22. a5 c5 23. b4 cxb4 24. axb6 d3 25. Nd4 Nd7 26. cxd3 Nxb6 27. Nb3 Rxe1 28. Rxe1 a5 29. Nc5 Bc6 30. Rb1 Bb5 31. Rb2 Rc8 32. Nb3 Na4 33. Rd2 Nc3 34. Nd4 Bd7 35. Kf2 a4 36. Ke3 Re8+ 37. Kf4 f6 38. h4 b3 39. Bxb3 axb3 40. g4 Rb8 41. Rb2 Ba4 42. g5 Rb4 0-1

[Event "Silver Lake Open-A 2019"]
[Site "Veliko Gradiste"]
[Date "2019.06.23"]
[Round "9.2"]
[White "Ernst, Sipke"]
[Black "Abramovic, Bosko"]
[Result "1-0"]
[ECO "A13"]
[WhiteElo "2541"]
[BlackElo "2353"]
[Annotator "ChessBase"]
[PlyCount "93"]
[EventDate "2019.06.16"]
[EventType "swiss"]
[EventCountry "SRB"]
[SourceTitle "playchess.com"]
[Source "ChessBase"]
[SourceQuality "1"]
[TimeControl "40/5400+30:900+30"]

1. Nf3 Nf6 2. c4 e6 3. g3 d5 4. Bg2 dxc4 5. Qa4+ Nbd7 6. Qxc4 a6 7. Qc2 c5 8. Nc3 Ra7 9. O-O b6 10. d3 Bb7 11. e4 Be7 12. Bf4 h6 13. Rfd1 Qa8 14. a4 O-O 15. h3 Re8 16. Nd2 e5 17. Be3 Qb8 18. Nc4 Ba8 19. f4 Bf8 20. Qf2 Qd8 21. Rac1 exf4 22. gxf4 Rc7 23. e5 Bxg2 24. Qxg2 Nh7 25. Ne4 Qa8 26. Ncd6 Bxd6 27. Nxd6 Qxg2+ 28. Kxg2 Rb8 29. b4 Nhf8 30. d4 f6 31. a5 bxa5 32. bxc5 Rb3 33. Kf2 fxe5 34. fxe5 Ng6 35. Rb1 Rb4 36. Rxb4 axb4 37. Ra1 Ngxe5 38. dxe5 Nxe5 39. Ke2 Rc6 40. Ra4 Nd7 41. Nb7 Rc7 42. Rxb4 a5 43. Rb5 a4 44. Kd2 Ne5 45. Bf4 Rd7+ 46. Kc3 Nc6 47. Na5 1-0

[Event "Silver Lake Open-A 2019"]
[Site "Veliko Gradiste"]
[Date "2019.06.23"]
[Round "9.4"]
[White "Yu, Jennifer"]
[Black "Krasteva, Beloslava"]
[Result "1-0"]
[ECO "A36"]
[WhiteElo "2369"]
[BlackElo "2259"]
[Annotator "ChessBase"]
[PlyCount "115"]
[EventDate "2019.06.16"]
[EventType "swiss"]
[EventCountry "SRB"]
[SourceTitle "playchess.com"]
[Source "ChessBase"]
[SourceQuality "1"]
[TimeControl "40/5400+30:900+30"]

1. c4 c5 2. Nc3 g6 3. g3 Bg7 4. Bg2 Nc6 5. e4 d6 6. Nge2 e6 7. O-O Nge7 8. d3 O-O 9. a3 b6 10. Rb1 Bb7 11. b4 Qd7 12. Be3 Nd4 13. Qd2 Nec6 14. b5 Nxe2+ 15. Nxe2 Nd4 16. Bxd4 Bxd4 17. Nxd4 cxd4 18. f4 f6 19. Qb2 e5 20. f5 g5 21. Bf3 a5 22. bxa6 Rxa6 23. Qa2 Kg7 24. Rb3 Bc6 25. Rfb1 Qc7 26. Qb2 Rb8 27. Kf2 Be8 28. h4 h6 29. Rh1 Raa8 30. Kg1 Bf7 31. Bd1 Qc5 32. a4 Qc7 33. Rb4 Qc5 34. Kf1 Qc7 35. Rb5 g4 36. h5 Kh7 37. Rb4 Be8 38. Rh4 Qc6 39. Qd2 Bd7 40. Kg1 Rg8 41. Qb2 Rab8 42. Kf2 Rg5 43. Rxg4 Rxh5 44. Rg7+ Kxg7 45. Bxh5 Qc5 46. Qd2 Ra8 47. Bd1 Kh7 48. Rb1 Rg8 49. Qb4 Rb8 50. a5 b5 51. Ba4 Qc7 52. cxb5 Qc8 53. Qd2 d5 54. Rh1 Qf8 55. a6 dxe4 56. dxe4 d3 57. Kf3 Bxb5 58. a7 1-0

[Event "Silver Lake Open-A 2019"]
[Site "Veliko Gradiste"]
[Date "2019.06.23"]
[Round "9.6"]
[White "Konaplev, Anton"]
[Black "Pikula, Dejan"]
[Result "1/2-1/2"]
[ECO "A67"]
[WhiteElo "2292"]
[BlackElo "2468"]
[Annotator "RC"]
[PlyCount "132"]
[EventDate "2019.06.16"]
[EventType "swiss"]
[EventCountry "SRB"]
[SourceTitle "playchess.com"]
[Source "ChessBase"]
[SourceQuality "1"]
[TimeControl "40/5400+30:900+30"]

1. d4 Nf6 2. c4 c5 3. d5 e6 4. Nc3 exd5 5. cxd5 d6 6. e4 g6 7. f4 Bg7 8. Bb5+ Nfd7 9. Be2 O-O 10. Nf3 Re8 11. O-O Na6 12. Nd2 Nc7 13. a4 Nf6 14. Bf3 b6 15. e5 dxe5 16. d6 Qxd6 17. Bxa8 Nxa8 18. Nb5 Qe7 19. fxe5 Ng4 20. Nf3 Nxe5 21. Bg5 Qe6 22. Nxe5 Bxe5 23. Qf3 Qf5 24. Qxf5 Bxf5 25. Rae1 Bd7 26. Nxa7 Bxa4 27. Bf6 Bxf6 28. Rxe8+ Bxe8 29. Rxf6 Kf8 30. Rd6 b5 31. Rd5 c4 32. Nxb5 Nb6 33. Rc5 Na4 34. Rc8 Ke7 35. Na3 Nxb2 36. Nxc4 Bd7 37. Rc5 Nxc4 38. Rxc4 Kf6 39. Kf2 Be6 40. Rb4 h6 41. Ke3 Bd5 42. Rb2 Be6 43. Kd4 Kg7 44. Ke5 Bc4 45. Rf2 Be6 46. Rf6 Bb3 47. Rc6 Ba2 48. g4 Bb3 49. h4 Ba2 50. g5 hxg5 51. hxg5 Bb3 52. Rf6 Bc4 53. Kd4 Bb3 54. Kc5 Ba2 55. Rb6 Be6 56. Kd4 Ba2 57. Ra6 Bb3 58. Ra3 Be6 59. Kc5 Bf5 60. Re3 Be6 61. Kd6 Bc4 62. Ke7 Bd5 63. Rc3 Be6 64. Rc6 Bd5 65. Rf6 Bb3 66. Rf4 Bd5 1/2-1/2

[Event "Silver Lake Open-A 2019"]
[Site "Veliko Gradiste"]
[Date "2019.06.23"]
[Round "9.10"]
[White "Martic, Ivan"]
[Black "Popovic, Milan S"]
[Result "1/2-1/2"]
[ECO "B15"]
[WhiteElo "2401"]
[BlackElo "2324"]
[Annotator "NA RC"]
[PlyCount "20"]
[EventDate "2019.06.16"]
[EventType "swiss"]
[EventCountry "SRB"]
[SourceTitle "playchess.com"]
[Source "ChessBase"]
[SourceQuality "1"]
[TimeControl "40/5400+30:900+30"]

1. d4 c6 2. e4 d5 3. Nd2 dxe4 4. Nxe4 Nf6 5. Nxf6+ exf6 6. c3 Bd6 7. Bd3 O-O 8. Qc2 Re8+ 9. Ne2 h5 10. Be3 Nd7 1/2-1/2